 Dungeon Crawl Stone Soup version 0.13.0-18-g7b03ea5 (webtiles) character file.

252 Lilouch the Covered (level 4, -2/28 HPs)
             Began as a Gargoyle Fighter on Oct 22, 2013.
             Killed from afar by Sigmund (4 damage)
             ... with a puff of flame
             ... on Level 2 of the Dungeon.
             The game lasted 00:04:15 (1238 turns).

Lilouch the Covered (Gargoyle Fighter)              Turns: 1238, Time: 00:04:17

HP  -2/28        AC 12     Str 21      XL: 4   Next: 43%
MP   3/3         EV  6     Int  8      God:
Gold 170         SH 18     Dex  9      Spells:  0 memorised,  3 levels left

Res.Fire  : . . .   See Invis. : .   a - +0 mace
Res.Cold  : . . .   Warding    : .   b - +0 scale mail
Life Prot.: + . .   Conserve   : .   c - +0 shield
Res.Poison: +       Res.Corr.  : .   (no helmet)
Res.Elec. : +       Clarity    : .   (no cloak)
Sust.Abil.: . .     Spirit.Shd : .   j - +0 pair of gauntlets
Res.Mut.  : .       Stasis     : .   (no boots)
Res.Rott. : +       Flight     : .   (no amulet)
Saprovore : . . .                    (no ring)
                                     (no ring)

@: slightly resistant to hostile enchantments, extremely unstealthy
A: fangs 1, talons 2, life protection 1, electricity resistance, slow metabolism
1, unbreathing, petrification resistance, AC +3
a: no special abilities


You were on level 2 of the Dungeon.
You were not hungry.

You visited 1 branch of the dungeon, and saw 2 of its levels.

You collected 150 gold pieces.

Inventory:

Hand weapons
 a - a +0,+0 mace (weapon)
Armour
 b - a +0 scale mail (worn)
 c - a +0 shield (worn)
 j - a +0 pair of gauntlets (worn)
Comestibles
 d - a bread ration
 l - a choko
 q - 2 chunks of goblin flesh
Scrolls
 e - a scroll of identify {unknown}
 f - 3 scrolls of curse armour {unknown}
 g - a scroll of blinking {unknown}
 n - 3 scrolls of remove curse {unknown}
 o - a scroll of recharging {unknown}
 p - a scroll of enchant weapon II {unknown}
 s - a scroll of fog {unknown}
 u - a scroll of amnesia {unknown}
Jewellery
 k - a cursed -2 ring of protection {unknown}
Potions
 h - a potion of paralysis {unknown}
 i - 3 potions of curing {unknown}
 m - a potion of restore abilities {unknown}
 r - 2 potions of heal wounds {unknown}
 t - a potion of speed {unknown}


   Skills:
 - Level 3.2 Fighting
 * Level 4.0 Maces & Flails
 + Level 4.4 Armour
 - Level 3.2 Shields


You had 3 spell levels left.
You didn't know any spells.

Dungeon Overview and Level Annotations

Branches:
Dungeon (2/27)

Altars:
Elyvilon

Annotations:
D:2 Sigmund


Innate Abilities, Weirdness & Mutations

You are resistant to torment.
You are immune to poison.
Your stone body is very resilient (AC +3).
You have very sharp teeth.
You have razor-sharp toenails.
You resist negative energy.
You are resistant to electric shocks.
You have a slow metabolism.
You can survive without breathing.
You are immune to petrification.


Message History

You block the adder's attack. It hits you but does no damage.
You closely miss the adder. Your kick misses the adder.
The adder is heavily wounded.
You block the adder's attack. The adder bites you but does no damage.
You hit the adder. Your kick misses the adder.
The adder is almost dead.
The adder bites you but does no damage. It hits you.
* * * LOW HITPOINT WARNING * * *
The adder bites you but does no damage.
You miss the adder. Your kick misses the adder.
The adder is almost dead.
It hits you but does no damage. You block the adder's attack.
The adder bites you but does no damage.
You hit the adder. You claw the adder.
You kill the adder!
Your Maces & Flails skill increases to level 4!
You hear some strange, mumbled words.
The puff of flame hits you!
One of your 2 scrolls labeled OTAMALYQAOCYMI catches fire!
You die...

....###..###.# #.####..####....#
.....#..#.##.# #.# #..# #..####
.......###...# #.# #..# #......
####..#.#.######.####..#####.####
#.###.######...##.).......# #.#
#.#........%....####### #.#
#.#.####...#....# #.# #.
##.##....# #.# #. #@##....####
#.# #. #%##..%....# #..
.....S..{..#..#.##.# ...
...@......#..#.# #
#.######.#..#.# .#>.#.# ....#..
......# #######


There were no monsters in sight!

Vanquished Creatures
  A giant mite (D:1)
  3 adders (D:2)
  A worm (D:2)
  2 giant geckos
  A giant cockroach (D:1)
  8 goblins
  5 hobgoblins
  4 jackals (D:2)
  5 kobolds
  7 bats
  A giant newt (D:1)
  4 rats
  A plant (D:1)
43 creatures vanquished.

Notes
Turn   | Place    | Note
--------------------------------------------------------------
     0 | D:1      | Lilouch, the Gargoyle Fighter, began the quest for the Orb.
     0 | D:1      | Reached XP level 1. HP: 14/14 MP: 0/0
   124 | D:1      | Reached XP level 2. HP: 19/19 MP: 1/1
   441 | D:1      | Reached XP level 3. HP: 24/24 MP: 2/2
   446 | D:1      | Reached skill level 4 in Armour
  1168 | D:2      | Found a white marble altar of Elyvilon.
  1181 | D:2      | Reached XP level 4. HP: 24/28 MP: 3/3
  1220 | D:2      | Noticed Sigmund
  1236 | D:2      | HP: 1/28 [something (2)]
  1238 | D:2      | Killed from afar by Sigmund

Action                   |  1- 3 |  4- 6 || total
-------------------------+-------+-------++-------
Melee: Mace              |   117 |    21 ||   138
